 Dungeon Crawl Stone Soup version 0.31-a0-1009-g454b1f1e0a (webtiles) character file.

Game seed: 12825205640082152625

434 ChronoRanger the Firebug (level 6, -3/45 HPs)
             Began as a Demigod Fire Elementalist on Nov 16, 2023.
             Succumbed to Edmund's poison
             ... on level 4 of the Dungeon.
             The game lasted 00:08:21 (4177 turns).

ChronoRanger the Firebug (DgFE)                     Turns: 4177, Time: 00:08:22

Health: -3/45      AC:  2    Str:  9    XL:     6   Next: 40%
Magic:  4/14       EV: 12    Int: 25    God:
Gold:   222        SH:  0    Dex: 14    Spells: 4/11 levels left

rFire   . . .        g - +2 dagger (drain)
rCold   . . .        (no shield)
rNeg    . . .        a - +0 robe
rPois   .            (no helmet)
rElec   .            (no cloak)
rCorr   .            (no gloves)
SInv    .            (no boots)
Will    .....        m - amulet of regeneration
Stlth   ++           (no ring)
HPRegen 1.07/turn    (no ring)
MPRegen 0.14/turn

%: no passive effects
@: lethally poisoned (-3 -> -14)
A: high MP 1, forlorn, divine attributes
a: no special abilities


You were on level 4 of the Dungeon.
You visited 1 branch of the dungeon, and saw 4 of its levels.

You collected 222 gold pieces.

Inventory:

Hand Weapons
 g - a +2 dagger of draining (weapon)
 h - a +3 short sword
 n - a +0 quarterstaff
Armour
 a - a +0 robe (worn)
Jewellery
 m - an amulet of regeneration (around neck)
Wands
 r - a wand of iceblast (3)
Scrolls
 c - 2 scrolls of revelation {unknown}
 e - 2 scrolls of teleportation {unknown}
 f - 2 scrolls of immolation {unknown}
 i - 4 scrolls of enchant weapon {unknown}
 j - 2 scrolls of blinking {unknown}
 l - 3 scrolls of identify {unknown}
 q - a scroll of noise {unknown}
Potions
 b - a potion of magic
 d - a potion of haste {unknown}
 k - a potion of heal wounds {unknown}
 o - a potion of resistance {unknown}
 p - a potion of enlightenment {unknown}
 s - a potion of lignification {unknown}


   Skills:
 - Level 1.7 Dodging
 - Level 1.7 Stealth
 + Level 3.3 Spellcasting
 + Level 3.1 Conjurations
 * Level 5.3 Fire Magic


You had 4 spell levels left.
You knew the following spells:

 Your Spells              Type           Power      Damage    Failure   Level
a - Foxfire               Conj/Fire      100%       2x1d9     1%          1
b - Scorch                Fire           60%        2d7       1%          2
c - Flame Wave            Conj/Fire      25%        2d8       17%         4

Your spell library contained the following spells:

 Spells                   Type           Power      Damage    Failure   Level
 Apportation              Tloc           8%         N/A       10%         1
 Slow                     Hex            16%        N/A       10%         1
 Inner Flame              Hex/Fire       17%        N/A       10%         3
 Volatile Blastmotes      Fire/Tloc      34%        2d12      10%         3
 Jinxbite                 Hex            8%         N/A       16%         2
 Confusing Touch          Hex            4%         N/A       30%         3
 Sigil of Binding         Hex            4%         N/A       30%         3
 Vampiric Draining        Necr           4%         2d6       30%         3
 Animate Dead             Necr           4%         N/A       69%         4
 Alistair's Intoxication  Tmut/Pois      2%         N/A       95%         5
 Haunt                    Necr/Summ      2%         N/A       100%        7
 Infestation              Necr           2%         N/A       100%        8


Dungeon Overview and Level Annotations

Branches:
Dungeon (4/15)
 Temple: D:4-7

Annotations:
D:4 Edmund


Innate Abilities, Weirdness & Mutations

You have an increased reservoir of magic. (+10% MP)
You shall have no god before yourself.
Your divine heritage dramatically boosts your attributes as you level up.


Message History

You conjure some foxfire!
You feel very sick.
An orc comes into view. It is wielding a +0 short sword.
Edmund hits you with a +2 dire flail of venom.
You feel sick. Edmund barely misses you.
You feel sick.
The foxfire hits Edmund.
Edmund is heavily wounded.
The foxfire hits Edmund but does no damage.
Edmund is heavily wounded.
Edmund attacks as he pursues you!
Edmund hits you with a +2 dire flail of venom.
Casting: Foxfire (safe; 1% risk of failure)
Confirm with . or Enter, or press ? or * to list all spells.
You conjure some foxfire!
You feel sick.
Edmund hits you with a +2 dire flail of venom!
You are more poisoned.
You feel very sick.
The foxfire hits Edmund!
Edmund is burned terribly!
Edmund is severely wounded.
The foxfire hits Edmund but does no damage.
Edmund is severely wounded.
Edmund hits you with a +2 dire flail of venom.
* * * LOW HITPOINT WARNING * * *
You are more poisoned.
Casting: Foxfire (safe; 1% risk of failure)
Confirm with . or Enter, or press ? or * to list all spells.
Flames lash the orc.
You kill the orc!
* * * LOW HITPOINT WARNING * * *
You feel very sick.
Edmund hits you with a +2 dire flail of venom.
* * * LOW HITPOINT WARNING * * *
You are more poisoned.
Casting: Scorch (safe; 1% risk of failure)
Confirm with . or Enter, or press ? or * to list all spells.
You conjure some foxfire!
* * * LOW HITPOINT WARNING * * *
You feel very sick. Edmund barely misses you.
You die...

..≈.#.#
##...≈≈≈.≈....+
_.≈.#.#
#....≈...§....#
..≈.#.#
###....≈.≈.≈....#
....+.#
##.#....≈.[.§....#
+####.#
#..'....≈†≈≈≈...##
..#
#..#.....≈......#
###
#.##...........##
#####.###..vv.....##
#.....# ##.@....###
#.##### ###@#### #.#
#o.)..# #.#
#####.o.# #.# .# #.#
####'### #......#
#......#


You could see Edmund (combustible, ally target) and an orc.

Vanquished Creatures
  A bullfrog (D:4)
  A scorpion (D:3)
  The ghost of voshxx the Firebug, a weakling OpFE (D:3)
  A hound (D:4)
  Terence (D:2)
  An orc wizard (D:3)
  5 adders
  4 gnolls (D:4)
  4 worms
  6 dart slugs
  10 orcs
  5 ball pythons
  6 bats
  5 endoplasms
  3 giant cockroaches
  4 goblins
  9 hobgoblins
  3 jackals (D:3)
  8 kobolds
  2 quokkas (D:4)
  3 frilled lizards
  7 rats
90 creatures vanquished.

Vanquished Creatures (others)
  262 foxfires
262 creatures vanquished.

Grand Total: 352 creatures vanquished

Notes
Turn   | Place    | Note
-------+----------+-------------------------------------------
     0 | D:1      | ChronoRanger the Demigod Fire Elementalist began the quest
                  | for the Orb.
     0 | D:1      | Reached XP level 1. HP: 14/14 MP: 5/5
   107 | D:1      | Reached skill level 1 in Conjurations
   155 | D:1      | Reached skill level 3 in Fire Magic
   241 | D:1      | Reached XP level 2. HP: 20/20 MP: 2/7
   406 | D:1      | Learned a level 2 spell: Scorch
  1041 | D:2      | Reached XP level 3. HP: 26/26 MP: 5/8
  1284 | D:2      | Noticed Terence
  1291 | D:2      | Killed Terence
  1519 | D:2      | Reached XP level 4. HP: 33/33 MP: 7/10
  2144 | D:3      | Reached skill level 4 in Fire Magic
  2308 | D:3      | Found a runed translucent door.
  2352 | D:3      | Noticed voshxx's ghost (weakling OpFE)
  2409 | D:3      | Reached XP level 5. HP: 38/38 MP: 3/12
  2570 | D:3      | Learned a level 4 spell: Flame Wave
  3619 | D:3      | Killed voshxx's ghost
  3688 | D:4      | Reached skill level 5 in Fire Magic
  3688 | D:4      | Reached XP level 6. HP: 18/45 MP: 5/13
  4166 | D:4      | Noticed Edmund
  4176 | D:4      | HP: 1/45 [poisoned by Edmund]
  4177 | D:4      | Succumbed to Edmund's poison

Illustrated notes

Levels and vault maps discovered:
D:1:      roderic_chinese_lattice_arrival, layout_rooms, grunt_decor_cap
D:2:      layout_basic, minmay_cut_off, uniq_terence
D:3:      minmay_recursive_quarters, layout_basic, slow_altar_2,
          chequers_temple_overflow_statue_of_worship, gammafunk_ghost_grave,
          basic_ecumenical_altar
D:4:      layout_basic, mainiacjoe_overflow_six_doors_small, grunt_ministairs_4,
          serial_bayou_pond_c, hangedman_feature_mirror, kennysheep_potato,
          uniq_edmund

Skill      XL: |  1  2  3  4  5  6 |
---------------+-------------------+-----
Conjurations   | 1 2 3 |  3.1
Fire Magic     | 3 4 5 |  5.3
Spellcasting   | 2 3 |  3.3
Dodging        | |  1.7
Stealth        | |  1.7

Action                     |  1- 3 |  4- 6 || total
---------------------------+-------+-------++-------
  Melee: Short sword       |     1 |       ||     1
         Dagger            |       |     1 ||     1
   Cast: Foxfire           |    58 |   102 ||   160
         Scorch            |     6 |    30 ||    36
 Armour: Robe              |    19 |    46 ||    65
  Dodge: Dodged            |    14 |    39 ||    53

Table legend: (Time is in decaauts)
 A = Elapsed time spent in this place.
 B = Non-inter-level travel time spent in this place.
 C = Inter-level travel time spent in this place.
 D = Time resting spent in this place.
 E = Time spent auto-exploring this place.
 F = Levels seen in this place.
 G = Mean time per level.
                   A        B        C        D        E       F      G
               +--------+--------+--------+--------+--------+-----+--------+
         Total |   4176 |   3951 |    225 |    106 |   3150 |   4 | 1044.0 |
       Dungeon |   4176 |   3951 |    225 |    106 |   3150 |   4 | 1044.0 |
               +--------+--------+--------+--------+--------+-----+--------+

Top non-repeatable levels by time:
     D:3: 1734 daAuts
     D:2: 1346 daAuts
     D:1: 675 daAuts
     D:4: 419 daAuts
